 Dungeon Crawl Stone Soup version 0.19.0-2-gae57169 (webtiles) character file.

193 Gingerlord the Skirmisher (level 5, -3/59 HPs)
             Began as an Ogre Wanderer on Nov 7, 2016.
             Killed from afar by an orc wizard (5 damage)
             ... with a magic dart
             ... on level 4 of the Dungeon.
             The game lasted 00:09:30 (4292 turns).

Gingerlord the Skirmisher (Ogre Wanderer)           Turns: 4292, Time: 00:09:31

Health: -3/59      AC:  3    Str: 19    XL:     5   Next: 72%
Magic:  5/5        EV: 10    Int: 15    God:
Gold:   123        SH:  3    Dex:  9    Spells: 0 memorised, 4 levels left

rFire  . . .     SeeInvis +     t - -2 whip (curse)
rCold  . . .     Gourm    .     e - +0 robe
rNeg   . . .     Faith    .     (no shield)
rPois  +         Spirit   .     (helmet restricted)
rElec  .         Reflect  +     (no cloak)
rCorr  .         Harm     .     (gloves unavailable)
MR     .....                    (boots unavailable)
Stlth  +.........               m - +3 amulet of reflection
                                (no ring)
                                o - ring of see invisible

@: brilliant
A: unfitting armour, beak, poison resistance, regeneration 1, tough skin 1
a: no special abilities


You were on level 4 of the Dungeon.
You were hungry.

You visited 1 branch of the dungeon, and saw 4 of its levels.

You collected 123 gold pieces.

Inventory:

Hand Weapons
 b - a +0 flail
 t - a cursed -2 whip (weapon)
Armour
 e - a +0 robe (worn)
Jewellery
 m - a +3 amulet of reflection (around neck)
 o - a ring of see invisible (left hand)
Scrolls
 c - 3 scrolls of amnesia
 g - 3 scrolls of magic mapping
 h - a scroll of enchant weapon {unknown}
Potions
 l - a potion of haste {unknown}
 n - a potion of agility {unknown}
 p - a potion of berserk rage {unknown}
Comestibles
 f - 2 bread rations
 i - a meat ration
 r - 2 fruits


   Skills:
 + Level 6.1 Fighting
 * Level 4.5 Maces & Flails
 + Level 1.7 Armour
 + Level 2.7 Dodging
 - Level 1.4 Stealth
   Level 1.0 Shields


You had 4 spell levels left.
You didn't know any spells.

Dungeon Overview and Level Annotations

Branches:
Dungeon (4/15)
 Temple: D:4-7

Altars:
Qazlal
The Shining One

Annotations:
D:4 jackrogers's ghost, novice MiMo


Innate Abilities, Weirdness & Mutations

You are too large for most types of armour.
You have tough skin. (AC +1)
You have a beak for a mouth.
Your system is resistant to poisons. (rPois)
Your natural rate of healing is unusually fast.


Message History

* * * LOW HITPOINT WARNING * * *
Unknown command.
Okay, then.
Unknown command.
It was a potion of mutation.
You feel extremely strange.
You feel resistant to poisons.
Your mouth lengthens and hardens into a beak!
You begin to heal more quickly.
The orc wizard hits you with a dagger of electrocution.
* * * LOW HITPOINT WARNING * * *
The orc wizard hits you but does no damage.
Okay, then.
The orc wizard completely misses you.
The orc wizard gestures at you while chanting.
The magic dart hits you!
* * * LOW HITPOINT WARNING * * *
Unknown command.
The orc wizard casts a spell at you. The magic dart hits you!
You die...

.#.#..(#.#####
.###.#.#.#
#...#.#########
#####.........#
#########.# #.#
#.# #.#
#.#######@#
#.....So..#
###########


You could see an orc wizard and an adder.

Vanquished Creatures
  An orc priest (D:3)
  2 orc wizards (D:3)
  3 adders
  A dart slug (D:1)
  2 leopard geckos
  10 orcs
  A ball python (D:3)
  2 giant cockroaches
  8 goblins
  7 hobgoblins
  2 jackals (D:3)
  4 quokkas
  8 bats
  A frilled lizard (D:3)
  6 kobolds
  8 rats
66 creatures vanquished.

Notes
Turn   | Place    | Note
-------+----------+-------------------------------------------
     0 | D:1      | Gingerlord the Ogre Wanderer began the quest for the Orb.
     0 | D:1      | Gingerlord set off with: a +2 dagger, a potion of heal wounds, a +0 spear, a potion of lignification, a +0 robe, a bread ration
     0 | D:1      | Reached XP level 1. HP: 27/27 MP: 1/1
   108 | D:1      | Reached skill level 1 in Maces & Flails
   108 | D:1      | Reached XP level 2. HP: 32/35 MP: 2/2
   918 | D:2      | Found a stormy altar of Qazlal.
   947 | D:2      | Reached skill level 1 in Armour
   947 | D:2      | Reached XP level 3. HP: 42/42 MP: 3/3
  1338 | D:2      | Noticed a water elemental
  1339 | D:2      | Found a stormy altar of Qazlal.
  1340 | D:2      | Noticed a fire elemental
  1340 | D:2      | Noticed an earth elemental
  1340 | D:2      | Noticed an air elemental
  1427 | D:2      | Found a glowing golden altar of the Shining One.
  1477 | D:3      | Found a faded altar of an unknown god.
  2299 | D:3      | Reached XP level 4. HP: 17/50 MP: 4/4
  2797 | D:4      | Noticed a phantom
  2810 | D:4      | Reached XP level 5. HP: 50/59 MP: 5/5
  2998 | D:4      | Noticed jackrogers's ghost (novice MiMo)
  3561 | D:3      | Reached skill level 6 in Fighting
  4288 | D:4      | Gained mutation: Your system is resistant to poisons. (rPois) [potion of mutation]
  4288 | D:4      | Gained mutation: You have a beak for a mouth. [potion of mutation]
  4288 | D:4      | Gained mutation: Your natural rate of healing is unusually fast. [potion of mutation]
  4291 | D:4      | HP: 1/59 [orc wizard/magic dart (6)]
  4292 | D:4      | Killed from afar by an orc wizard

Skill      XL: |  1  2  3  4  5 |
---------------+----------------+-----
Maces & Flails | 1 2 3 4 |  4.5
Armour         | 1 |  1.7
Fighting       | 6 |  6.1
Dodging        | |  2.7
Stealth        | |  1.4
Shields        | |  1.0

Action                   |  1- 3 |  4- 6 || total
-------------------------+-------+-------++-------
Melee: Dagger            |    27 |       ||    27
       Whip              |   126 |   197 ||   323
  Use: Scroll            |     7 |     1 ||     8
       Potion            |       |     6 ||     6
 Stab: Sleeping          |     1 |       ||     1
  Eat: Chunk             |     4 |     2 ||     6
       Bread ration      |       |     1 ||     1
Armor: Robe              |    39 |    23 ||    62
       Skin              |       |     9 ||     9
Dodge: Dodged            |    79 |    70 ||   149
Block: Other             |       |     6 ||     6
